AoeStats
← Reis

African Clearing

505737399Analyzed
4v4 RM · 23d ago on Sep 10, 2026· 24m 12s· 8 players
Game mode
Random Map
Map size
Large (8 player)
Population
200
Speed
Normal
Resources
Standard
Victory
Conquest
Starting age
Dark Age
Ending age
Imperial Age
RankedLock teamsTeams togetherTeam positionsShared explorationLock speedFull tech treeHidden civsTurbo modeCheats
Victory
Defeat
🇩🇪 Khitans · Germany
1441
+14
🇺🇸 Huns · United States
1436
+14
🇨🇭 Bulgarians · Switzerland
1425
+15
🇩🇪 Koreans · Germany
1409
+15
🇧🇷 Wu · Brazil
1454
-17
🇺🇸 Malay · United States
1389
-14
🇧🇷 Wei · Brazil
1375
-14
🇪🇸 Saracens · Spain
1365
-13
johnnyboy
10:02 Loom
13:09 Feudal Age
17:16 Castle Age
15:52 Double-Bit Axe
16:21 Fletching
18:16 Bodkin Arrow
Reis
13:03 Feudal Age
12:29 Loom
17:25 Castle Age
18:44 Scale Barding Armor
18:30 Fletching
21:00 Double-Bit Axe
w h i z.
6:45 Loom
12:10 Feudal Age
12:45 Double-Bit Axe
14:41 Forging
14:32 Town Watch
23:11 Castle Age
21:42 Scale Barding Armor
21:28 Domestication
22:16 Gold Mining
24:05 Pastoralism
25:00 Chain Barding Armor
danntheman
10:44 Loom
13:12 Feudal Age
17:12 Castle Age
15:04 Double-Bit Axe
18:26 Fletching
23:20 Ballistics
23:53 Bodkin Arrow
TheTimeKeeper
3:50 Loom
14:38 Feudal Age
19:14 Castle Age
22:49 Forging
LVrasta47
3:55 Loom
16:33 Feudal Age
Mionel Lessi
3:09 Loom
15:48 Feudal Age
SirT_Maji
9:18 Loom
14:05 Feudal Age
15:09 Double-Bit Axe
21:08 Castle Age
19:34 Forging
20:26 Bloodlines
22:04 Scale Barding Armor
Connection lost

Rejoining the realm…

Still unreachable

The connection could not be restored.

Session expired

The server has moved on; the page needs a fresh start.